 Dungeon Crawl Stone Soup version 0.23-a0-650-ga4d50d4 (webtiles) character file.

627 Amnesiac the Ducker (level 7, -4/35 HPs)
             Began as a Spriggan Berserker on Jan 3, 2019.
             Was a Priest of Trog.
             Killed from afar by an orc wizard (6 damage)
             ... with a puff of flame
             ... on level 5 of the Dungeon.
             The game lasted 00:06:42 (4280 turns).

Amnesiac the Ducker (Spriggan Berserker)            Turns: 4280, Time: 00:06:43

Health: -4/35      AC:  2    Str: 15    XL:     7   Next: 23%
Magic:  8/8        EV: 21    Int:  9    God:    Trog [***...]
Gold:   354        SH:  6    Dex: 15    Spells: 6/6 levels left

rFire    . . .     SeeInvis +   a - +1 falchion (elec)
rCold    . . .     Gourm    .   y - +0 buckler
rNeg     . . .     Faith    .   k - +0 animal skin
rPois    .         Spirit   .   (helmet restricted)
rElec    .         Reflect  .   (no cloak)
rCorr    .         Harm     .   (gloves unavailable)
MR       +....                  (boots unavailable)
Stlth    ++........             (no amulet)
HPRegen  0.11/turn              (no ring)
MPRegen  0.11/turn              (no ring)

@: very quick
A: very small, unfitting armour, see invisible, herbivore, speed 3, slow
metabolism 2
a: Berserk, Trog's Hand, Renounce Religion


You were on level 5 of the Dungeon.
You worshipped Trog.
Trog was most pleased with you.
You were full.

You visited 1 branch of the dungeon, and saw 5 of its levels.

You collected 354 gold pieces.

Inventory:

Hand Weapons
 a - a +1 falchion of electrocution (weapon)
 b - a +0 blowgun
 r - a +0 short sword
 w - a +0 hunting sling
Missiles
 d - 118 stones
 e - 37 sling bullets
 i - 43 poisoned needles
 m - a throwing net
 p - 4 tomahawks (quivered)
 s - 3 curare-tipped needles
Armour
 k - a +0 animal skin (worn)
 y - a +0 buckler (worn)
Scrolls
 f - 6 scrolls of identify {!r, unknown}
 g - 3 scrolls of teleportation {!r, unknown}
 n - 2 scrolls of magic mapping {!r, unknown}
 o - a scroll of fog {!r, unknown}
 t - a scroll of immolation {!r, unknown}
 u - 2 scrolls of remove curse {!r, unknown}
 A - 2 scrolls of random uselessness {!r, unknown}
 B - a scroll of enchant weapon {!r, unknown}
Potions
 h - a potion of degeneration {!q, unknown}
 j - 6 potions of lignification {!q, unknown}
 l - 2 potions of invisibility {!q, unknown}
 q - 2 potions of brilliance {!q, unknown}
 v - a potion of heal wounds {!q, unknown}
 x - a potion of magic {!q, unknown}
 z - a potion of flight {!q, unknown}
 C - a potion of curing {!q, unknown}
Comestibles
 c - 7 rations


   Skills:
 - Level 2.8 Fighting
 - Level 4.3(5.2) Short Blades
 * Level 3.4(4.0) Long Blades
 + Level 3.0 Throwing
 + Level 6.6 Dodging
 - Level 2.4 Stealth
 + Level 1.6 Shields


You had 6 spell levels left.
You didn't know any spells.
Your spell library was empty.

Dungeon Overview and Level Annotations

Branches:
Dungeon (5/15)             Temple (0/1) D:5

Altars:
Nemelex Xobeh
Qazlal
Vehumet


Innate Abilities, Weirdness & Mutations

You are very small and have problems with some larger weapons.
You are too small for most types of armour.
You have supernaturally acute eyesight. (SInv)
You are a herbivore.
You cover ground extremely quickly.
You need to consume almost no food.


Message History

You hit the jackal zombie.
The jackal zombie is severely damaged.
The orc wizard mumbles some strange words.
The orc wizard seems to speed up.
You block the jackal zombie's attack.
You slash the jackal zombie!
Lightning courses through the jackal zombie!
You destroy the jackal zombie!
Trog accepts your kill.
The orc wizard hits you with a +0 dagger.
You hit the orc wizard but do no damage.
You block the orc wizard's attack. x2
You completely miss the orc wizard. The orc wizard barely misses you.
You closely miss the orc wizard. The orc wizard casts a spell at you.
The magic dart hits you! The orc wizard barely misses you.
You riposte.
You barely miss the orc wizard. You barely miss the orc wizard.
The orc wizard barely misses you.
The orc wizard looks satisfied for a moment.
The orc wizard hits you but does no damage.
You barely miss the orc wizard.
The orc wizard miscasts a cantrip.
You barely miss the orc wizard. The orc wizard misses you.
You riposte.
You hit the orc wizard but do no damage.
The orc wizard hits you with a +0 dagger.
You barely miss the orc wizard.
The orc wizard hits you with a +0 dagger.
The orc wizard misses you.
You riposte.
You hit the orc wizard.
Lightning courses through the orc wizard!
You kill the orc wizard!
Trog accepts your kill.
Trog appreciates your killing of a magic user.
Your Throwing skill increases to level 3!
The orc wizard hits you with a +0 dagger.
* * * LOW HITPOINT WARNING * * *
Things that are here:
a +0 dagger; a +0 robe; an orc corpse You barely miss the orc wizard.
The orc wizard completely misses you.
You hit the orc wizard.
The orc wizard is lightly wounded.
The orc wizard barely misses you. You block the orc wizard's attack.
You hit the orc wizard.
The orc wizard is moderately wounded.
The orc wizard barely misses you.
The orc wizard hits you but does no damage.
You closely miss the orc wizard.
The orc wizard is moderately wounded.
The orc wizard misses you.
You riposte.
You slash the orc wizard!
The orc wizard is severely wounded.
The orc wizard hits you with a +0 dagger.
* * * LOW HITPOINT WARNING * * *
You hit the orc wizard but do no damage.
The orc wizard is severely wounded.
The orc wizard casts a spell at you. The puff of frost hits you!
* * * LOW HITPOINT WARNING * * *
You are too injured to fight recklessly!
You are too injured to fight recklessly!
You are too injured to fight recklessly!
You are too injured to fight recklessly!
You closely miss the orc wizard.
The orc wizard is severely wounded.
The orc wizard casts a spell at you. The puff of flame hits you!
You die...

#.# # #.### #.... ### #######..
... ..# #........ ..# #.#
#..#..8.. o.# #.# ##..##(..#
####.. #.# #...###### ###...###
#@# #...##...# ### #E#...#E# #o#
#...#..8.. ....###..o#### #o#
#.........
#..........###l#######..###...#
........_loo....o................
..........o......#######.####.###
#######...######.######...###.#
#E#...#E# #..............#
###...### ########...#####


You could see an orc wizard (invisible), 2 orcs and a leopard gecko.

Vanquished Creatures
  A phantom (D:4)
  An ice beast (D:4)
  An ogre (D:4)
  A howler monkey (D:4)
  A hound (D:4)
  2 iguanas
  A worker ant (D:4)
  2 orc wizards
  A worker ant zombie (D:5)
  4 adders
  3 worms
  5 leopard geckos
  9 orcs
  A ball python (D:1)
  10 bats
  10 giant cockroaches
  9 goblins
  10 hobgoblins
  11 jackals
  2 quokkas
  6 frilled lizards
  A jackal zombie (D:5)
  5 kobolds
  4 rats
101 creatures vanquished.

Notes
Turn   | Place    | Note
-------+----------+-------------------------------------------
     0 | D:1      | Amnesiac the Spriggan Berserker began the quest for the
                  | Orb.
     0 | D:1      | Reached XP level 1. HP: 11/11 MP: 2/2
    53 | D:1      | Reached XP level 2. HP: 9/16 MP: 3/3
    60 | D:1      | Reached skill level 1 in Stealth
   331 | D:1      | Reached ** piety under Trog
   530 | D:1      | Reached XP level 3. HP: 19/19 MP: 4/4
  1455 | D:3      | Reached skill level 1 in Throwing
  1457 | D:3      | Reached skill level 5 in Dodging
  1457 | D:3      | Reached XP level 4. HP: 23/23 MP: 5/5
  1845 | D:3      | Reached *** piety under Trog
  1880 | D:3      | Reached skill level 1 in Long Blades
  2144 | D:3      | Found a radiant altar of Vehumet.
  2348 | D:4      | Reached XP level 5. HP: 8/28 MP: 6/6
  2811 | D:4      | Noticed an ice beast
  3039 | D:4      | Reached XP level 6. HP: 22/32 MP: 7/7
  3199 | D:4      | Killed an ice beast
  3199 | D:4      | Reached skill level 6 in Dodging
  3199 | D:4      | Reached skill level 1 in Shields
  3547 | D:4      | Reached XP level 7. HP: 21/35 MP: 8/8
  3908 | D:5      | Entered Level 5 of the Dungeon
  4007 | D:5      | Found a sparkling altar of Nemelex Xobeh.
  4027 | D:5      | Found a staircase to the Ecumenical Temple.
  4227 | D:5      | Found a stormy altar of Qazlal.
  4229 | D:5      | Noticed a fire elemental
  4229 | D:5      | Noticed an air elemental
  4230 | D:5      | Noticed a water elemental
  4280 | D:5      | Killed from afar by an orc wizard

Vault maps used:
D:1:      moated_graveyard_arrival, minmay_misc_feat_diagonals,
          minmay_octomino_c4
D:3:      fiery_altar_vehumet, first_ration, st_stairs_5
D:5:      nicolae_overflow_hidden_temple, lemuel_doored_altar,
          minmay_temple_entry_statues, mrwooster_statue_mirror,
          nicolae_qazlal_style_of_elements, uniq_edmund

Skill      XL: |  1  2  3  4  5  6  7 |
---------------+----------------------+-----
Stealth        | 1 2 |  2.4
Short Blades   | 4 |  4.3
Throwing       | 1 2 3 |  3.0
Dodging        | 5 6 |  6.6
Long Blades    | 1 2 3 |  3.4
Shields        | 1 |  1.6
Fighting       | |  2.8

Action                   |  1- 3 |  4- 6 |  7- 9 || total
-------------------------+-------+-------+-------++-------
Melee: Short sword       |    67 |     2 |       ||    69
       Falchion          |       |   150 |    33 ||   183
 Fire: Hunting sling     |    98 |    37 |    27 ||   162
Throw: Stone             |       |     9 |       ||     9
       Tomahawk          |       |     9 |       ||     9
Invok: Berserk           |       |     1 |       ||     1
 Stab: Sleeping          |       |     4 |       ||     4
  Eat: Ration            |       |     4 |       ||     4
Armor: Animal skin       |    10 |    17 |     3 ||    30
Dodge: Dodged            |    95 |   201 |    30 ||   326
Block: Buckler           |       |    26 |    11 ||    37
       Rpst.: Falchion   |       |    50 |     9 ||    59

Table legend:
 A = Non-vault XP
 B = Vault XP
 C = Vault XP percentage of total XP
 D = Non-vault monster count
 E = Vault monster count
 F = Vault count percentage of total count
                 A         B        C        D         E       F
            +---------+---------+-------+---------+---------+-------
      Total |     872 |      24 |   2.7 |      93 |       8 |   7.9
            +---------+---------+-------+---------+---------+-------
        D:1 |      34 |       8 |  19.0 |      20 |       6 |  23.1
        D:2 |      26 |       0 |   0.0 |      15 |       0 |   0.0
        D:3 |     111 |      16 |  12.6 |      29 |       2 |   6.5
        D:4 |     629 |       0 |   0.0 |      24 |       0 |   0.0
        D:5 |      72 |       0 |   0.0 |       5 |       0 |   0.0
            +---------+---------+-------+---------+---------+-------
